APP
MISSOULA OSPREY @ PHILADELPHIA (APP) PHILLIES
10/06/2045
 
TOP OF THE 1ST
Ogden Raptors batting - Pitching for Washington (APP) Nationals : RHP Mike Welch
Pitching: RHP Mike Welch
Batting: LHB Jimmy Sheppard 0-0: Ball
1-0: Foul Ball, location: 2F
1-1: Foul Ball, location: 2F
1-2: Foul Ball, location: 2F
1-2: Strikes out swinging
Batting: RHB Isaiah Yarbrough 0-0: Called Strike
0-1: Reached on error, E6 (Groundball, 6, EV 81.9 MPH)
Batting: SHB Ricardo Contrares 0-0: Ball
1-0: Called Strike
1-1: Ball
2-1: SINGLE (Groundball, 6D, EV 102.5 MPH)
Isaiah Yarbrough to second
Batting: RHB Bobby Mendieta 0-0: Called Strike
Isaiah Yarbrough steals 3rd base
Ricardo Contrares to second
0-1: Ball
1-1: Ball
2-1: Ground out 4-3 (Groundball, 4D, EV 105.6 MPH)
Isaiah Yarbrough scores
Ricardo Contrares to third
Batting: RHB Stephano Pianta 0-0: Called Strike
0-1: Foul Ball, location: 2F
0-2: Fly out, F9 (Line Drive, 9, EV 103.1 MPH)
Top of the 1st over - 1 run, 1 hit, 1 error, 1 left on base; Ogden 1 - Washington (APP) 0
BOTTOM OF THE 1ST
Washington (APP) Nationals batting - Pitching for Ogden Raptors : RHP Jordan Zayas
Pitching: RHP Jordan Zayas
Batting: RHB Luis Neri 0-0: Ground out 2-3 (Groundball, 2R, EV 71.3 MPH)
Batting: LHB Joseph Martin 0-0: Ball
1-0: Fly out, F8 (Flyball, 8RS, EV 93.8 MPH)
Batting: RHB Randy Spriet 0-0: Ball
1-0: Ground out 5-3 (Groundball, 56S, EV 86.9 MPH)
Bottom of the 1st over - 0 runs, 0 hits, 0 errors, 0 left on base; Ogden 1 - Washington (APP) 0
TOP OF THE 2ND
Ogden Raptors batting - Pitching for Washington (APP) Nationals : RHP Mike Welch
Batting: RHB Greg Snow 0-0: Ball
1-0: Ground out 5-3 (Groundball, 56, EV 81.3 MPH)
Batting: LHB William Cano 0-0: Called Strike
0-1: Called Strike
0-2: SINGLE (Line Drive, 9S, EV 93.8 MPH)
Batting: RHB Mario Diaz 0-0: Swinging Strike
0-1: Ball
1-1: Ball
2-1: Called Strike
2-2: Strikes out swinging
Batting: RHB Jordan Zayas 0-0: Foul Ball, location: 2F
0-1: Foul Ball, location: 2F
0-2: Ground out 3-1 (Groundball, 3L, EV 86.3 MPH)
Top of the 2nd over - 0 runs, 1 hit, 0 errors, 1 left on base; Ogden 1 - Washington (APP) 0
BOTTOM OF THE 2ND
Washington (APP) Nationals batting - Pitching for Ogden Raptors : RHP Jordan Zayas
Batting: RHB Alex Sandoval 0-0: Called Strike
0-1: Ball
1-1: Ball
2-1: Fly out, F6 (Line Drive, 6, EV 63.1 MPH)
Batting: RHB Chris Montgomery 0-0: Ball
1-0: Ball
2-0: Called Strike
2-1: DOUBLE (Flyball, 78D, EV 107.5 MPH)
Batting: RHB Jonathan Christensen 0-0: Swinging Strike
Passed Ball!
Chris Montgomery to third
0-1: Swinging Strike
0-2: Ball
1-2: Foul Ball, location: 2F
1-2: Fly out, F8 (Flyball, 89D, EV 92.5 MPH)
Runner from 3rd tags up, OUT at HOME! 8-2
Bottom of the 2nd over - 0 runs, 1 hit, 0 errors, 0 left on base; Ogden 1 - Washington (APP) 0
TOP OF THE 3RD
Ogden Raptors batting - Pitching for Washington (APP) Nationals : RHP Mike Welch
Batting: LHB Jimmy Sheppard 0-0: Ball
1-0: Foul Ball, location: 2F
1-1: Foul Ball, location: 2F
1-2: Ball
2-2: Strikes out swinging
Batting: RHB Isaiah Yarbrough 0-0: Ball
1-0: Ball
2-0: Called Strike
2-1: Ball
3-1: Called Strike
3-2: Fly out, F9 (Flyball, 9D, EV 97.5 MPH)
Batting: SHB Ricardo Contrares 0-0: Ball
1-0: Ground out 5-3 (Groundball, 56S, EV 72.5 MPH)
Top of the 3rd over - 0 runs, 0 hits, 0 errors, 0 left on base; Ogden 1 - Washington (APP) 0
BOTTOM OF THE 3RD
Washington (APP) Nationals batting - Pitching for Ogden Raptors : RHP Jordan Zayas
Batting: RHB Justin Nibblett 0-0: Ball
1-0: Ball
2-0: Foul Ball, location: 2F
2-1: Foul Ball, location: 2F
2-2: Foul Ball, location: 2F
2-2: Ball
3-2: SINGLE (Groundball, 56, EV 113.1 MPH) (infield hit)
Batting: RHB Mike Strey 0-0: Ball
Justin Nibblett is caught stealing 2nd base 2-4
1-0: Fly out, F8 (Flyball, 8LM, EV 87.5 MPH)
Batting: RHB Mike Welch 0-0: Ball
1-0: Ball
2-0: Fly out, F5 (Line Drive, 5, EV 60.0 MPH)
Bottom of the 3rd over - 0 runs, 1 hit, 0 errors, 0 left on base; Ogden 1 - Washington (APP) 0
TOP OF THE 4TH
Ogden Raptors batting - Pitching for Washington (APP) Nationals : RHP Mike Welch
Batting: RHB Bobby Mendieta 0-0: Ball
1-0: Ground out 4-3 (Groundball, 4, EV 104.4 MPH)
Batting: RHB Stephano Pianta 0-0: Called Strike
0-1: Ball
1-1: Ball
2-1: Foul Ball, location: 2F
2-2: Ball
3-2: Foul Ball, location: 2F
3-2: Strikes out swinging
Batting: RHB Greg Snow 0-0: Called Strike
0-1: Foul Ball, location: 2F
0-2: Strikes out swinging
Top of the 4th over - 0 runs, 0 hits, 0 errors, 0 left on base; Ogden 1 - Washington (APP) 0
BOTTOM OF THE 4TH
Washington (APP) Nationals batting - Pitching for Ogden Raptors : RHP Jordan Zayas
Batting: RHB Luis Neri 0-0: Ball
1-0: Ball
2-0: SINGLE (Groundball, 34S, EV 85.6 MPH) (infield hit)
Batting: LHB Joseph Martin 0-0: Called Strike
0-1: Ball
1-1: Ball
Passed Ball!
Luis Neri to second
2-1: Foul Ball, location: 2F
2-2: Foul Ball, location: 2F
2-2: Strikes out swinging
Pitching: RHP Ryan Solon
Batting: RHB Randy Spriet 0-0: Ball
Passed Ball!
Luis Neri to third
1-0: Ball
Passed Ball!
Luis Neri scores
2-0: Ground out 6-3 (Groundball, 6S, EV 71.9 MPH)
Batting: RHB Alex Sandoval 0-0: Ball
1-0: Ball
2-0: Called Strike
2-1: Foul Ball, location: 2F
2-2: Ground out 5-3 (Groundball, 56S, EV 74.4 MPH)
Bottom of the 4th over - 1 run, 1 hit, 0 errors, 0 left on base; Ogden 1 - Washington (APP) 1
TOP OF THE 5TH
Ogden Raptors batting - Pitching for Washington (APP) Nationals : RHP Mike Welch
Batting: LHB William Cano 0-0: Swinging Strike
0-1: SINGLE (Groundball, 34, EV 102.5 MPH) (infield hit)
Batting: RHB Mario Diaz 0-0: Ball
1-0: Fly out, F7 (Line Drive, 7, EV 95.6 MPH)
Batting: SHB Ryan Solon 0-0: Bunt missed!
0-1: Sac Bunt to 13 - play at first, batter OUT! 1-4
William Cano to second
Batting: LHB Jimmy Sheppard 0-0: Ball
1-0: Swinging Strike
1-1: Ball
2-1: Ball
3-1: Swinging Strike
3-2: Foul Ball, location: 2F
3-2: Strikes out swinging
Top of the 5th over - 0 runs, 1 hit, 0 errors, 1 left on base; Ogden 1 - Washington (APP) 1
BOTTOM OF THE 5TH
Washington (APP) Nationals batting - Pitching for Ogden Raptors : RHP Ryan Solon
Batting: RHB Chris Montgomery 0-0: Called Strike
0-1: Ball
1-1: SOLO HOME RUN (Flyball, 8LXD, EV 92.5 MPH), Distance : 454 ft
Batting: RHB Jonathan Christensen 0-0: Ball
1-0: Called Strike
1-1: Foul Ball, location: 2F
1-2: Strikes out swinging
Batting: RHB Justin Nibblett 0-0: Ball
1-0: Foul Ball, location: 2F
1-1: Ball
2-1: Ground out 6-3 (Groundball, 6MS, EV 83.1 MPH)
Batting: RHB Mike Strey 0-0: Ball
1-0: Ball
2-0: Foul Ball, location: 2F
2-1: SINGLE (Flyball, 9LS, EV 93.8 MPH)
Batting: RHB Mike Welch 0-0: Ball
Passed Ball!
Mike Strey to second
1-0: Ball
Passed Ball!
Mike Strey to third
2-0: Ball
3-0: Called Strike
3-1: Swinging Strike
Passed Ball!
Mike Strey scores
3-2: Strikes out looking
Bottom of the 5th over - 2 runs, 2 hits, 0 errors, 0 left on base; Ogden 1 - Washington (APP) 3
TOP OF THE 6TH
Ogden Raptors batting - Pitching for Washington (APP) Nationals : RHP Mike Welch
Batting: RHB Isaiah Yarbrough 0-0: Ball
1-0: Foul Ball, location: 2F
1-1: Foul Ball, location: 2F
1-2: Ball
2-2: Reached on error, E4 (Groundball, 4, EV 102.5 MPH)
Batting: SHB Ricardo Contrares 0-0: Ball
1-0: Foul Ball, location: 2F
1-1: SINGLE (Groundball, 56D, EV 99.4 MPH)
Isaiah Yarbrough to third
Runner from 3rd tries for Home, throw by LF and OUT! 7-2
Batting: RHB Bobby Mendieta 0-0: Ball
1-0: Fielders Choice at 2nd, 4-6 (Groundball, 4, EV 83.8 MPH)
Batting: RHB Stephano Pianta 0-0: Fielders Choice at 2nd, U6 (Groundball, 6M, EV 81.3 MPH)
Top of the 6th over - 0 runs, 1 hit, 1 error, 1 left on base; Ogden 1 - Washington (APP) 3
BOTTOM OF THE 6TH
Washington (APP) Nationals batting - Pitching for Ogden Raptors : RHP Ryan Solon
Batting: RHB Luis Neri 0-0: Ball
1-0: SINGLE (Groundball, 6D, EV 103.8 MPH)
Pitching: RHP Ian Douglas
Now at SS: Omar Resendez
Batting: LHB Joseph Martin 0-0: Fly out, F8 (Flyball, 8RXD, EV 81.3 MPH)
Batting: RHB Randy Spriet 0-0: Ball
1-0: Ball
2-0: Ground out U3 (Groundball, 34S, EV 70.0 MPH)
Luis Neri to second
Batting: RHB Alex Sandoval 0-0: Ball
1-0: Foul Ball, location: 2F
1-1: Ball
Passed Ball!
Luis Neri to third
2-1: Ball
Passed Ball!
Luis Neri scores
3-1: Called Strike
3-2: Base on Balls
Batting: RHB Chris Montgomery 0-0: Ball
Alex Sandoval is caught stealing 2nd base 2-4
Bottom of the 6th over - 1 run, 1 hit, 0 errors, 0 left on base; Ogden 1 - Washington (APP) 4
TOP OF THE 7TH
Ogden Raptors batting - Pitching for Washington (APP) Nationals : RHP Mike Welch
Batting: RHB Greg Snow 0-0: Swinging Strike
0-1: Ball
1-1: Fly out, F9 (Flyball, 9S, EV 79.4 MPH)
Batting: LHB William Cano 0-0: Called Strike
0-1: Ball
1-1: Swinging Strike
1-2: Strikes out looking
Batting: RHB Mario Diaz 0-0: Ball
1-0: Ball
2-0: Ball
3-0: Foul Ball, location: 2F
3-1: Ground out 6-3 (Groundball, 6, EV 78.8 MPH)
Top of the 7th over - 0 runs, 0 hits, 0 errors, 0 left on base; Ogden 1 - Washington (APP) 4
BOTTOM OF THE 7TH
Washington (APP) Nationals batting - Pitching for Ogden Raptors : RHP Ian Douglas
Batting: RHB Chris Montgomery 0-0: Ball
1-0: Ball
2-0: Called Strike
2-1: Fly out, F8 (Flyball, 78M, EV 84.4 MPH)
Batting: RHB Jonathan Christensen 0-0: Called Strike
0-1: Ball
1-1: Swinging Strike
1-2: Strikes out looking
Batting: RHB Justin Nibblett 0-0: Ball
1-0: SOLO HOME RUN (Flyball, 7D, EV 95.0 MPH), Distance : 398 ft
Batting: RHB Mike Strey 0-0: Ball
1-0: Foul Ball, location: 2F
1-1: Ball
2-1: Ball
3-1: Ground out 5-3 (Groundball, 5, EV 78.1 MPH)
Bottom of the 7th over - 1 run, 1 hit, 0 errors, 0 left on base; Ogden 1 - Washington (APP) 5
TOP OF THE 8TH
Ogden Raptors batting - Pitching for Washington (APP) Nationals : RHP Mike Welch
Batting: RHB Omar Resendez 0-0: Ball
1-0: Swinging Strike
1-1: Ball
2-1: Fly out, F7 (Flyball, 78M, EV 96.9 MPH)
Pitching: LHP Mike Rex
Batting: LHB Jimmy Sheppard 0-0: Fly out, F7 (Flyball, 7D, EV 73.8 MPH)
Batting: RHB Isaiah Yarbrough 0-0: Ball
1-0: Foul Ball, location: 2F
1-1: Ball
2-1: Ball
3-1: Foul Ball, location: 2F
3-2: Fly out, F8 (Flyball, 8LXD, EV 81.9 MPH)
Top of the 8th over - 0 runs, 0 hits, 0 errors, 0 left on base; Ogden 1 - Washington (APP) 5
BOTTOM OF THE 8TH
Washington (APP) Nationals batting - Pitching for Ogden Raptors : RHP Ian Douglas
Batting: RHB Mike Rex 0-0: Called Strike
0-1: Ball
1-1: Called Strike
1-2: Ball
2-2: Strikes out swinging
Batting: RHB Luis Neri 0-0: SINGLE (Groundball, 15, EV 65.6 MPH) (infield hit)
Pitching: RHP Marc Ruff
Batting: LHB Joseph Martin 0-0: Ball
Luis Neri steals 2nd base
1-0: Called Strike
1-1: Fly out, F8 (Line Drive, 8LD, EV 92.5 MPH)
Batting: RHB Randy Spriet 0-0: Ball
1-0: Called Strike
1-1: Swinging Strike
1-2: Reached on error, E6 (Groundball, 6S, EV 84.4 MPH)
Luis Neri to third
Batting: RHB Alex Sandoval 0-0: Foul Ball, location: 2F
0-1: Called Strike
Randy Spriet steals 2nd base
0-2: Ball
1-2: Foul Ball, location: 2F
1-2: Ground out 6-3 (Groundball, 6, EV 90.0 MPH)
Bottom of the 8th over - 0 runs, 1 hit, 1 error, 2 left on base; Ogden 1 - Washington (APP) 5
TOP OF THE 9TH
Ogden Raptors batting - Pitching for Washington (APP) Nationals : LHP Mike Rex
Batting: SHB Ricardo Contrares 0-0: Swinging Strike
0-1: Foul Ball, location: 2F
0-2: Ball
1-2: Foul Ball, location: 2F
1-2: Foul Ball, location: 2F
1-2: Ball
2-2: Ball
3-2: Base on Balls
Pinch Hitting: RHB Ken Roupp 0-0: Swinging Strike
0-1: Foul Ball, location: 2F
0-2: SINGLE (Groundball, 34S, EV 82.5 MPH) (infield hit)
Ricardo Contrares to second
Batting: RHB Stephano Pianta 0-0: Called Strike
0-1: Ball
1-1: TRIPLE (Flyball, 8RXD, EV 103.8 MPH)
Ricardo Contrares scores
Ken Roupp scores
Pinch Hitting: RHB Bob Reta 0-0: Swinging Strike
0-1: Swinging Strike
0-2: Ball
Wild Pitch!
Stephano Pianta scores
1-2: Foul Ball, location: 2F
1-2: Strikes out looking
Batting: LHB William Cano 0-0: Called Strike
0-1: Ground out 4-3 (Groundball, 4, EV 108.1 MPH)
Batting: RHB Mario Diaz 0-0: Ball
1-0: Ground out 6-3 (Groundball, 6S, EV 67.5 MPH)
Top of the 9th over - 3 runs, 2 hits, 0 errors, 0 left on base; Ogden 4 - Washington (APP) 5
Wednesday, June 22nd , 2022 - OOTP Baseball 23.4 Build 64